 Dungeon Crawl Stone Soup version 0.18-a0-1773-gec4f98e (webtiles) character file.

130 dobroeutro the Skirmisher (level 5, -10/33 HPs)
             Began as a Gargoyle Fighter on Apr 14, 2016.
             Was an Initiate of Okawaru.
             Killed from afar by an orc wizard (12 damage)
             ... with a puff of flame
             ... on level 3 of the Dungeon.
             The game lasted 00:04:51 (2027 turns).

dobroeutro the Skirmisher (Gargoyle Fighter)        Turns: 2027, Time: 00:04:52

Health: -10/33     AC: 12    Str: 20    XL:     5   Next: 14%
Magic:  5/5        EV:  9    Int:  9    God:    Okawaru [......]
Gold:   207        SH:  9    Dex:  9    Spells: 0 memorised, 4 levels left

rFire  . . .     SeeInvis .     a - +0 flail
rCold  . . .     Gourm    +     b - +0 scale mail
rNeg   + . .     Faith    .     c - +0 shield
rPois  ∞         Spirit   .     (no helmet)
rElec  +         Dismiss  .     k - +0 cloak
rCorr  +         Reflect  .     (no gloves)
SustAt .         Harm     .     (no boots)
MR     .....                    q - amulet of the gourmand
Stlth  ..........               u - +2 ring of evasion
                                h - ring of resist corrosion

@: not resistant to hostile enchantments, extremely unstealthy
A: negative energy resistance 1, electricity resistance, unbreathing,
petrification resistance, rot immunity, AC +4
a: Renounce Religion


You were on level 3 of the Dungeon.
You worshipped Okawaru.
Okawaru was noncommittal.
You were very hungry.

You visited 1 branch of the dungeon, and saw 3 of its levels.

You collected 207 gold pieces.

Inventory:

Hand Weapons
 a - a +0 flail (weapon)
Armour
 b - a +0 scale mail (worn)
 c - a +0 shield (worn)
 k - a +0 cloak (worn)
Jewellery
 h - a ring of resist corrosion (left hand)
 q - an amulet of the gourmand (around neck)
 u - a +2 ring of evasion (right hand)
Wands
 t - a wand of flame (20/48)
Scrolls
 g - 3 scrolls of identify {unknown}
 j - a scroll of noise {unknown}
 n - a scroll of teleportation {unknown}
 s - a scroll of fog {unknown}
Potions
 d - 2 potions of might
 e - a potion of lignification {unknown}
 l - 2 potions of curing {unknown}
 m - 2 potions of agility {unknown}
 o - a potion of flight {unknown}
Comestibles
 f - 3 bread rations
 i - a beef jerky
 p - 3 meat rations
 r - a slice of pizza


   Skills:
 + Level 4.2 Fighting
 + Level 3.0 Maces & Flails
 + Level 4.1 Armour
 + Level 4.2 Shields


You had 4 spell levels left.
You didn't know any spells.

Dungeon Overview and Level Annotations

Branches:
Dungeon (3/15)

Altars:
Nemelex Xobeh
Okawaru
Qazlal
Trog


Innate Abilities, Weirdness & Mutations

You are resistant to torment.
Your stone body is resilient (AC +4).
You are immune to poison.
You resist negative energy.
You are resistant to electric shocks.
You can survive without breathing.
You are immune to petrification.
You are immune to rotting.


Message History

You barely miss something.
You hear some strange, mumbled words.
A puff of flame appears from out of thin air!
The puff of flame hits you! Something hits you but does no damage.
Your shield and scale mail prevent you from hitting something.
Something hits you.
You hear some strange, mumbled words.
A puff of flame appears from out of thin air!
You block the puff of flame.
You closely miss something.
You hear some strange, mumbled words.
A puff of flame appears from out of thin air!
The puff of flame hits you!
The orc priest invokes the aid of Beogh against you.
Beogh smites you!
* * * LOW HITPOINT WARNING * * *
You hear some strange, mumbled words.
A puff of flame appears from out of thin air!
The puff of flame hits you!
You die...

#...## #.# #..........# ...o#
###.########.#.........# #...#
#..........#.#.........# #...#
#....#####.#.#.........#
....####....# #.#.#.........#
#...........# #.#...........#
##...###o...# #.#.#........(#
....>.......#####...#.........#
##...###......o{@.#.#.........#
##.## ##.#.#######.#.........#
#.# #.#.# #.#####.##### #.#
#.#.# #.# #.# #.# #.#.# #.# #.#
#.# #.#.# #.# #.### #.#
#.#.#######.#####...# #.#
#................†..# #.#
###.#############...#


You could see an orc priest.

Vanquished Creatures
  An orc priest (D:3)
  3 adders
  6 worms
  A dart slug (D:1)
  2 giant geckos (D:2)
  An orc (D:3)
  A ball python (D:1)
  2 giant cockroaches (D:1)
  6 goblins
  5 hobgoblins
  3 jackals (D:2)
  7 bats
  5 giant newts
  4 kobolds
  8 rats
55 creatures vanquished.

Notes
Turn   | Place    | Note
--------------------------------------------------------------
     0 | D:1      | dobroeutro the Gargoyle Fighter began the quest for the Orb.
     0 | D:1      | Reached XP level 1. HP: 14/14 MP: 1/1
   197 | D:1      | Reached XP level 2. HP: 16/19 MP: 2/2
   301 | D:1      | Reached XP level 3. HP: 24/24 MP: 3/3
   800 | D:2      | Noticed a moth of wrath
   803 | D:2      | Found a bloodstained altar of Trog.
  1132 | D:2      | Reached XP level 4. HP: 28/29 MP: 4/4
  1244 | D:2      | Found a sparkling altar of Nemelex Xobeh.
  1244 | D:2      | Found an iron altar of Okawaru.
  1255 | D:2      | Became a worshipper of Warmaster Okawaru
  1337 | D:2      | Found a stormy altar of Qazlal.
  1339 | D:2      | Noticed a fire elemental
  1339 | D:2      | Noticed an earth elemental
  1340 | D:2      | Noticed a water elemental
  1340 | D:2      | Noticed an air elemental
  2022 | D:3      | Reached XP level 5. HP: 33/33 MP: 5/5
  2027 | D:3      | Killed from afar by an orc wizard

Vault maps used:
D:1:      roderic_dead_forest
D:2:      tgw_trog, gammafunk_temple_overflow_pools, serial_forest,
          infiniplex_forest_straight_2, infiniplex_forest_corner_2,
          infiniplex_forest_clump_small, infiniplex_forest_fountain,
          infiniplex_forest_3_way, infiniplex_forest_end_2,
          infiniplex_forest_lined_room_, first_bread,
          nicolae_qazlal_style_of_elements

Skill      XL: |  1  2  3  4 |
---------------+-------------+-----
Fighting       | 4 |  4.2
Armour         | 4 |  4.1
Shields        | 4 |  4.2
Maces & Flails | 3 |  3.0

Action                   |  1- 3 |  4- 6 || total
-------------------------+-------+-------++-------
Melee: Flail             |   150 |    95 ||   245
  Eat: Chunk             |       |     3 ||     3
Armor: Scale mail        |    97 |    66 ||   163
Dodge: Dodged            |    59 |    36 ||    95
Block: Shield            |    79 |    61 ||   140
